 Dungeon Crawl Stone Soup version 0.27.1 (webtiles) character file.

Game seed: 6024858893581208117

1627 Crownlay the Grave Robber (level 8, -12/60 HPs)
             Began as a Gnoll Necromancer on Aug 29, 2021.
             Was a Follower of Sif Muna.
             Mangled by a cyclops (32 damage)
             ... on level 6 of the Dungeon.
             The game lasted 00:24:02 (8801 turns).

Crownlay the Grave Robber (Gnoll Necromancer)       Turns: 8801, Time: 00:24:03

Health: -12/60     AC:  4    Str: 16    XL:     8   Next: 97%
Magic:  11/17      EV: 14    Int: 16    God:    Sif Muna [*.....]
Gold:   157        SH:  4    Dex: 12    Spells: 3/19 levels left

rFire    . . .     SeeInvis +   r - +0 whip (elec)
rCold    . . .     Faith    .   y - +0 buckler
rNeg     . . .     Spirit   .   a - +0 robe
rPois    .         Reflect  .   (no helmet)
rElec    .         Harm     .   o - +1 cloak of Trial and Error {Str+7 Slay+4}
rCorr    .         Rampage  .   (no gloves)
Will     .....                  (no boots)
Stlth    +++.......             (no amulet)
HPRegen  0.20/turn              s - ring of see invisible
MPRegen  0.15/turn              (no ring)

@: very slightly contaminated
A: fangs 1, strong nose, distributed training
a: Renounce Religion, Channel Magic


You were on level 6 of the Dungeon.
You worshipped Sif Muna.
Sif Muna was aware of your devotion.
You visited 1 branch of the dungeon, and saw 6 of its levels.

You collected 197 gold pieces.
You spent 40 gold pieces at shops.

Inventory:

Hand Weapons
 m - a +1 vorpal hand axe
 q - a +2 whip of venom
 r - a +0 whip of electrocution (weapon)
Missiles
 g - 4 javelins
Armour
 a - a +0 robe (worn)
 o - the +1 cloak of Trial and Error (worn) {Str+7 Slay+4}
   (You found it on level 4 of the Dungeon)

   Str:       It affects your strength (+7).
   Slay:      It affects your accuracy & damage with ranged weapons and melee
   (+4).
 y - a +0 buckler (worn)
Jewellery
 s - a ring of see invisible (left hand)
Wands
 w - a wand of charming (9)
 x - a wand of digging (2)
Scrolls
 b - 4 scrolls of amnesia
 c - a scroll of vulnerability {unknown}
 e - a scroll of torment
 f - 2 scrolls of teleportation
 i - 2 scrolls of fog
 k - a scroll of enchant weapon {unknown}
 l - a scroll of enchant armour
 v - a scroll of summoning {unknown}
Potions
 d - 3 potions of magic
 h - a potion of lignification
 j - a potion of brilliance
 n - a potion of invisibility {unknown}
 p - a potion of mutation {unknown}
 t - a potion of heal wounds {unknown}
 u - a potion of resistance {unknown}


   Skills:
 + Level 3.7 Fighting
 + Level 3.7 Short Blades
 + Level 3.7 Long Blades
 + Level 3.7 Axes
 + Level 3.7 Maces & Flails
 + Level 3.7 Polearms
 + Level 3.7 Staves
 + Level 3.7 Slings
 + Level 3.7 Bows
 + Level 3.7 Crossbows
 + Level 3.7 Throwing
 + Level 3.7 Armour
 + Level 6.0 Dodging
 + Level 5.6 Stealth
 + Level 3.7 Shields
 + Level 3.7 Unarmed Combat
 + Level 6.3 Spellcasting
 + Level 3.0 Conjurations
 + Level 3.0 Hexes
 + Level 3.0 Summonings
 + Level 7.8 Necromancy
 + Level 3.0 Translocations
 + Level 3.0 Transmutations
 + Level 3.0 Fire Magic
 + Level 3.0 Ice Magic
 + Level 3.0 Air Magic
 + Level 3.0 Earth Magic
 + Level 3.0 Poison Magic
 + Level 4.1 Invocations
 + Level 3.7 Evocations


You had 3 spell levels left.
You knew the following spells:

 Your Spells              Type           Power      Damage    Failure   Level
a - Pain                  Necr           100%       1d9       1%          1
b - Vampiric Draining     Necr           15%        2d8       1%          3
c - Animate Dead          Necr           15%        N/A       5%          4
d - Agony                 Necr           30%        N/A       16%         5
e - Poisonous Vapours     Pois/Air       28%        N/A       6%          2
f - Foxfire               Conj/Fire      56%        2x1d6     4%          1

Your spell library contained the following spells:

 Spells                   Type           Power      Damage    Failure   Level
 Animate Skeleton         Necr           60%        N/A       1%          1
 Corpse Rot               Necr/Air       N/A        N/A       2%          2
 Sting                    Tmut/Pois      56%        1d5       4%          1
 Blink                    Tloc           N/A        N/A       6%          2
 Passwall                 Tmut/Erth      11%        N/A       6%          2
 Swiftness                Air            14%        N/A       12%         3
 Olgreb's Toxic Radiance  Pois           14%        N/A       36%         4
 Freezing Cloud           Conj/Ice/Air   7%         6-21      73%         5
 Manifold Assault         Tloc           14%        N/A       73%         5
 Dispersal                Tloc           7%         N/A       99%         6
 Invisibility             Hex            7%         N/A       99%         6
 Storm Form               Tmut/Air       7%         N/A       100%        7
 Disjunction              Tloc           7%         N/A       100%        8


Dungeon Overview and Level Annotations

Branches:
Dungeon (6/15)             Temple (0/1) D:4

Altars:
Ashenzari
Fedhas
Ru
Sif Muna
Trog
Yredelemnul

Shops:
D:2 *   D:5 *

Annotations:
D:3 exclusion: downstairs


Innate Abilities, Weirdness & Mutations

You have very sharp teeth.
Your uncanny sense of smell can sniff out nearby items.
Your experience applies equally to all skills.


Message History

You can't see any susceptible monsters within range! (Use Z to cast anyway.)
Casting: Pain (safe; 1% risk of failure)
Confirm with . or Enter, or press ? or * to list all spells.
Aiming: Poisonous Vapours (safe; 6% risk of failure)
Press: ? - help, Dir - move target, f - cyclops
Aim: a cyclops, quivering large rocks (wandering, hasn't noticed you)
You miscast Poisonous Vapours.
You are very lightly contaminated with residual magic.
Nothing appears to happen.
The cyclops shouts!
Casting: Poisonous Vapours (safe; 6% risk of failure)
Confirm with . or Enter, or press ? or * to list all spells.
Aiming: Poisonous Vapours (safe; 6% risk of failure)
Press: ? - help, Dir - move target, f/p - cyclops
Aim: a cyclops, quivering large rocks Poisonous vapours surround the cyclops!
The cyclops is poisoned.
Casting: Poisonous Vapours (safe; 6% risk of failure)
Confirm with . or Enter, or press ? or * to list all spells.
Aiming: Poisonous Vapours (safe; 6% risk of failure)
Press: ? - help, Dir - move target, f/p - cyclops
Aim: a cyclops, quivering large rocks (lightly wounded, poisoned) Poisonous vapours surround the cyclops!
The cyclops looks even sicker.
Casting: Poisonous Vapours (safe; 6% risk of failure)
Confirm with . or Enter, or press ? or * to list all spells.
Aiming: Pain (safe; 1% risk of failure)
Press: ? - help, Shift-Dir - straight line, f/p - cyclops
Aim: a cyclops, quivering large rocks (lightly wounded, very poisoned, chance to affect: 71%)
The cyclops writhes in agony.
The cyclops throws a large rock.
The large rock hits you!!!
Ouch! That really hurt!
Found a stone staircase leading up.
The cyclops misses you.
You are too injured to fight recklessly!
You are too injured to fight recklessly!
You are too injured to fight recklessly!
You are too injured to fight recklessly!
You barely miss the cyclops.
The cyclops is moderately wounded.
The cyclops hits you!!
Ouch! That really hurt!
You die... #.........# .....## #>........# P...... #.........# PPP....

#.........# ..PP...
#.........# ....P.$
#.........# P......
#.........#
...P..C#####.........#
....P..@...#.........#
<..........#.........#
.....#.....#.[.......#
# ....
#.....#.........###
...
#.....#.........#.. #.
####'###.........#.# #
#.......#######....#
+.>.....# #.....##
#.......# #.....#


You could see a cyclops (poisoned).

Vanquished Creatures
  Pikel (D:4)
  An orc warrior (D:4)
  A black bear (D:6)
  2 sky beasts (D:5)
  A phantom (D:6)
  A lemure (D:3)
  A scorpion (D:4)
  A centaur zombie (D:6)
  A bullfrog zombie (D:5)
  2 jellies (D:4)
  2 hounds (D:5)
  4 orc priests
  A centaur skeleton (D:5)
  Jessica (D:3)
  2 iguanas
  2 orc wizards
  2 hound zombies
  A hound skeleton (D:4)
  6 adders
  An adder zombie (D:3)
  3 dart slugs
  13 orcs
  8 bats
  10 endoplasms
  8 giant cockroaches
  6 goblins
  11 hobgoblins
  5 quokkas
  8 ball pythons
  5 frilled lizards
  3 kobolds
  4 rats
118 creatures vanquished.

Vanquished Creatures (others)
  4 foxfires (D:5)
  39 plants
43 creatures vanquished.

Grand Total: 161 creatures vanquished

Notes
Turn   | Place    | Note
-------+----------+-------------------------------------------
     0 | D:1      | Crownlay the Gnoll Necromancer began the quest for the Orb.
     0 | D:1      | Reached XP level 1. HP: 13/13 MP: 6/6
   172 | D:1      | Reached XP level 2. HP: 12/19 MP: 3/7
   793 | D:1      | Reached XP level 3. HP: 7/25 MP: 9/9
   796 | D:1      | Reached skill level 5 in Spellcasting
  1165 | D:1      | Found a faded altar of an unknown god.
  1537 | D:2      | Found Qyopseowakk's Assorted Antiques.
  1620 | D:2      | Reached skill level 1 in Invocations
  1798 | D:2      | Reached skill level 1 in Fighting
  1798 | D:2      | Reached skill level 1 in Short Blades
  1798 | D:2      | Reached skill level 1 in Long Blades
  1798 | D:2      | Reached skill level 1 in Axes
  1798 | D:2      | Reached skill level 1 in Maces & Flails
  1798 | D:2      | Reached skill level 1 in Polearms
  1798 | D:2      | Reached skill level 1 in Staves
  1798 | D:2      | Reached skill level 1 in Slings
  1798 | D:2      | Reached skill level 1 in Bows
  1798 | D:2      | Reached skill level 1 in Crossbows
  1798 | D:2      | Reached skill level 1 in Throwing
  1798 | D:2      | Reached skill level 1 in Armour
  1798 | D:2      | Reached skill level 1 in Shields
  1798 | D:2      | Reached skill level 1 in Unarmed Combat
  1798 | D:2      | Reached skill level 1 in Evocations
  2398 | D:2      | Reached XP level 4. HP: 29/32 MP: 11/11
  2966 | D:3      | Learned a level 3 spell: Vampiric Draining
  3330 | D:3      | Found a basalt altar of Yredelemnul.
  3422 | D:3      | Reached skill level 1 in Conjurations
  3422 | D:3      | Reached skill level 1 in Hexes
  3422 | D:3      | Reached skill level 1 in Summonings
  3422 | D:3      | Reached skill level 1 in Translocations
  3422 | D:3      | Reached skill level 1 in Transmutations
  3422 | D:3      | Reached skill level 1 in Fire Magic
  3422 | D:3      | Reached skill level 1 in Ice Magic
  3422 | D:3      | Reached skill level 1 in Air Magic
  3422 | D:3      | Reached skill level 1 in Earth Magic
  3422 | D:3      | Reached skill level 1 in Poison Magic
  3704 | D:3      | Reached XP level 5. HP: 13/37 MP: 7/12
  3948 | D:3      | Noticed Jessica
  3953 | D:3      | Killed Jessica
  4027 | D:3      | Learned a level 4 spell: Animate Dead
  4963 | D:4      | Learned a level 5 spell: Agony
  4970 | D:4      | Reached XP level 6. HP: 34/44 MP: 8/13
  5424 | D:4      | Reached skill level 5 in Dodging
  5554 | D:4      | Found a sacrificial altar of Ru.
  5702 | D:4      | Learned a level 2 spell: Poisonous Vapours
  5711 | D:4      | Noticed Pikel
  6247 | D:4      | Identified the +1 cloak of Trial and Error {Str+7 Slay+4}
  6323 | D:4      | Found a shimmering blue altar of Sif Muna.
  6384 | D:4      | Noticed an orc warrior
  6391 | D:4      | Killed an orc warrior
  6392 | D:4      | Reached XP level 7. HP: 38/50 MP: 2/15
  6397 | D:4      | Got Sif Muna's Volume of Poisoning and Damage Dealing
  6488 | D:4      | Became a worshipper of Sif Muna the Loreminder
  6493 | D:4      | Found a bloodstained altar of Trog.
  6878 | D:4      | Killed Pikel
  6879 | D:4      | Reached skill level 5 in Stealth
  6879 | D:4      | Reached XP level 8. HP: 36/58 MP: 6/16
  7069 | D:4      | Found a staircase to the Ecumenical Temple.
  7390 | D:5      | Entered Level 5 of the Dungeon
  7845 | D:5      | Found Pyxkes's Assorted Antiques.
  7851 | D:5      | Bought a scroll of identify for 40 gold pieces
  7966 | D:5      | Learned a level 1 spell: Foxfire
  8303 | D:5      | Found a blossoming altar of Fedhas.
  8446 | D:6      | Found a broken altar of Ashenzari.
  8515 | D:6      | Reached * piety under Sif Muna
  8792 | D:6      | Noticed a cyclops
  8801 | D:6      | Mangled by a cyclops

Illustrated notes

Levels and vault maps discovered:
D:1:      minmay_arrival_semitransparent, layout_basic,
          shapermc_ecumenical_altar_petra, serial_forest,
          infiniplex_forest_lined_1, infiniplex_forest_pool,
          infiniplex_forest_lined_room_3, infiniplex_forest_end_2,
          infiniplex_forest_straight_5, infiniplex_forest_clump_curved,
          infiniplex_forest_straight_1, infiniplex_forest_clump_medium,
          infiniplex_forest_lined_2
D:2:      layout_basic, serial_shops, nicolae_shop_waterfront,
          grunt_ministairs_13
D:3:      layout_basic, lemuel_zombie_altar_yredelemnul, uniq_jessica
D:4:      layout_gridville, nicolae_ru_sacrificial_ziggurat,
          nzn_overflow_gifts_of_might_and_magic, minmay_temple_entry_junction_2,
          minmay_crystal_water, kennysheep_cluttered_room, minmay_vboxes,
          uniq_pikel
D:5:      layout_loops_ring, mainiacjoe_overflow_alcove_1, serial_shops, shop
D:6:      layout_gridville, mainiacjoe_overflow_catch_the_wave,
          lemuel_doored_altar, nrook_loot_triangle

Skill      XL: |  1  2  3  4  5  6  7  8 |
---------------+-------------------------+-----
Spellcasting   | 5 6 |  6.3
Invocations    | 1 2 3 4 |  4.1
Fighting       | 1 2 3 |  3.7
Short Blades   | 1 2 3 |  3.7
Long Blades    | 1 2 3 |  3.7
Axes           | 1 2 3 |  3.7
Maces & Flails | 1 2 3 |  3.7
Polearms       | 1 2 3 |  3.7
Staves         | 1 2 3 |  3.7
Slings         | 1 2 3 |  3.7
Bows           | 1 2 3 |  3.7
Crossbows      | 1 2 3 |  3.7
Throwing       | 1 2 3 |  3.7
Armour         | 1 2 3 |  3.7
Shields        | 1 2 3 |  3.7
Unarmed Combat | 1 2 3 |  3.7
Evocations     | 1 2 3 |  3.7
Conjurations   | 1 2 3 |  3.0
Hexes          | 1 2 3 |  3.0
Summonings     | 1 2 3 |  3.0
Translocations | 1 2 3 |  3.0
Transmutations | 1 2 3 |  3.0
Fire Magic     | 1 2 3 |  3.0
Ice Magic      | 1 2 3 |  3.0
Air Magic      | 1 2 3 |  3.0
Earth Magic    | 1 2 3 |  3.0
Poison Magic   | 1 2 3 |  3.0
Dodging        | 5 6 |  6.0
Stealth        | 5 |  5.6
Necromancy     | |  7.8

Action                   |  1- 3 |  4- 6 |  7- 9 || total
-------------------------+-------+-------+-------++-------
Melee: Hand axe          |   158 |    50 |       ||   208
       Bite              |    12 |     8 |     5 ||    25
       Whip              |       |     3 |    60 ||    63
       Punch             |       |       |     1 ||     1
Throw: Javelin           |       |     4 |     4 ||     8
 Cast: Pain              |    13 |    60 |    36 ||   109
       Vampiric Draining |       |     6 |       ||     6
       Animate Dead      |       |     4 |     1 ||     5
       Poisonous Vapours |       |     6 |    13 ||    19
       Foxfire           |       |       |     3 ||     3
  Use: Scroll            |       |     4 |     5 ||     9
       Potion            |       |       |     1 ||     1
 Stab: Sleeping          |     4 |     2 |     5 ||    11
Armor: Robe              |    24 |    10 |    14 ||    48
Dodge: Dodged            |   102 |    67 |    56 ||   225
